 Dungeon Crawl Stone Soup version 0.23-a0-94-g44dc95ea49 (webtiles) character file.

266 Kaname the Conjurer (level 6, 24/41 HPs)
             Began as a Demonspawn Wizard on Aug 16, 2018.
             Quit the game on level 3 of the Dungeon on Aug 17, 2018.
             The game lasted 00:07:03 (2649 turns).

Kaname the Conjurer (Demonspawn Wizard)             Turns: 2649, Time: 00:07:04

Health: 24/41      AC:  4    Str:  8    XL:     6   Next: 0%
Magic:  8/10       EV: 17    Int: 21    God:
Gold:   126        SH:  0    Dex: 16    Spells: 5/11 levels left

rFire    . . .     SeeInvis .   s - +1 scythe (vamp)
rCold    . . .     Gourm    .   (shield currently unavailable)
rNeg     . . .     Faith    .   a - +0 robe
rPois    .         Spirit   .   b - +0 hat
rElec    .         Reflect  .   (no cloak)
rCorr    .         Harm     .   (no gloves)
MR       .....                  (no boots)
Stlth    +++.......             (no amulet)
HPRegen  0.13/turn              l - ring of wizardry
MPRegen  0.12/turn              (no ring)

@: agile
A: horns 1, thin metallic scales 1, powered by pain 1
a: no special abilities


You were on level 3 of the Dungeon.
You were not hungry.

You visited 1 branch of the dungeon, and saw 3 of its levels.

You collected 126 gold pieces.

Inventory:

Hand Weapons
 h - a +0 short sword
 s - a +1 vampiric scythe (weapon)
Missiles
 g - 54 arrows
Armour
 a - a +0 robe (worn)
 b - a +0 hat (worn)
Jewellery
 l - a ring of wizardry (left hand)
Wands
 q - a wand of flame (34)
Scrolls
 c - 4 scrolls of identify {unknown}
 e - a scroll of random uselessness {unknown}
 f - 2 scrolls of teleportation {unknown}
 i - 2 scrolls of enchant weapon {unknown}
 r - a scroll of amnesia {unknown}
Potions
 d - a potion of degeneration {unknown}
 j - a potion of heal wounds {unknown}
 k - a potion of resistance {unknown}
 m - a potion of agility {unknown}
 n - a potion of curing {unknown}
 o - a potion of invisibility
 p - 2 potions of lignification {unknown}


   Skills:
 - Level 1.7 Dodging
 - Level 1.7 Stealth
 - Level 3.0 Spellcasting
 + Level 6.0 Conjurations
   Level 1.0 Summonings
 - Level 0.8 Translocations


You had 5 spell levels left.
You knew the following spells:

 Your Spells              Type           Power        Failure   Level  Hunger
a - Magic Dart            Conj           ####         1%          1    None
b - Blink                 Tloc           N/A          6%          2    ##.....
c - Mephitic Cloud        Conj/Pois/Air  ##......     7%          3    ###....

Your spell library contained the following spells:

 Spells                   Type           Power        Failure   Level  Hunger
 Conjure Flame            Conj/Fire      ###.....     4%          3    ###....
 Slow                     Hex            #.......     9%          2    ##.....
 Call Imp                 Summ           #.......     5%          2    ##.....


Dungeon Overview and Level Annotations

Branches:
Dungeon (3/15)

Altars:
Gozag
Okawaru
Qazlal
Ru


Innate Abilities, Weirdness & Mutations

You have a pair of small horns on your head.
You are partially covered in thin metallic scales. (AC +2)
You sometimes gain a little power by taking damage.


Message History

You kill the orc!
The frilled lizard hisses angrily.
The orc misses you.
Casting: Magic Dart (safe; 1% risk of failure)
Confirm with . or Enter, or press ? or * to list all spells.
Aiming: Magic Dart (safe; 1% risk of failure)
Press: ? - help, Shift-Dir - straight line, f - orc
Aim: an orc, wielding a club
Okay, then.
Unknown command.
You slash the orc!
You kill the orc!
You have reached level 6!
Your experience leads to an increase in your attributes!
Your base attributes are Str 8, Int 20, Dex 11.
Increase (S)trength, (I)ntelligence, or (D)exterity?
You feel clever.
Your demonic ancestry asserts itself...
Thin metallic scales grow over part of your body.
The frilled lizard bites you but does no damage.
Are you sure you want to abandon this character and quit the game? (Confirm with "yes".)

########## #.........#
#.........#########
#$.(......#........
#....$....#........
#.........#@.......
...l......l).......
..........K..[.....
........###........
###.###.# #.######## # #.#
#........# #.#
#.###o###........#######..
#>...........)...o.o.o....
#####.o###.......####.##..


You could see a kobold and a frilled lizard.

Vanquished Creatures
  Sigmund (D:2)
  4 adders
  An ooze (D:2)
  2 worms (D:3)
  A dart slug (D:2)
  8 orcs
  3 giant cockroaches
  2 goblins (D:1)
  6 hobgoblins
  3 jackals (D:2)
  4 kobolds
  2 quokkas (D:2)
  A ball python (D:2)
  7 bats
  14 frilled lizards
  4 rats
63 creatures vanquished.

Notes
Turn   | Place    | Note
-------+----------+-------------------------------------------
     0 | D:1      | Kaname the Demonspawn Wizard began the quest for the Orb.
     0 | D:1      | Reached XP level 1. HP: 13/13 MP: 4/4
   165 | D:1      | Reached skill level 2 in Conjurations
   197 | D:1      | Gained mutation: You sometimes gain a little power by taking damage. [demonic ancestry]
   197 | D:1      | Reached XP level 2. HP: 10/19 MP: 0/6
   958 | D:2      | Reached skill level 3 in Conjurations
  1071 | D:2      | Reached XP level 3. HP: 22/24 MP: 0/7
  1075 | D:2      | Learned a level 2 spell: Blink
  1079 | D:2      | Learned a level 3 spell: Mephitic Cloud
  1669 | D:2      | Noticed Sigmund
  1682 | D:2      | Killed Sigmund
  1682 | D:2      | Reached skill level 5 in Conjurations
  1682 | D:2      | Reached XP level 4. HP: 26/30 MP: 1/8
  1682 | D:2      | Gained mutation: You have a pair of small horns on your head. [demonic ancestry]
  1682 | D:2      | Reached XP level 5. HP: 31/35 MP: 1/9
  1821 | D:3      | Found a stormy altar of Qazlal.
  1821 | D:3      | Found an iron altar of Okawaru.
  1821 | D:3      | Found a sacrificial altar of Ru.
  1821 | D:3      | Found an opulent altar of Gozag.
  2176 | D:3      | Reached skill level 6 in Conjurations
  2193 | D:3      | HP: 1/35 [orc/club (4)]
  2648 | D:3      | Gained mutation: You are partially covered in thin metallic scales. (AC +2) [demonic ancestry]
  2648 | D:3      | Reached XP level 6. HP: 24/41 MP: 8/10
  2649 | D:3      | Quit the game

Vault maps used:
D:1:      erik_arrival_blinker_ship, grunt_decor_arrowhead, minmay_lizard_pond
D:2:      first_ration, uniq_sigmund
D:3:      chequers_temple_overflow_statue_of_worship,
          nicolae_ru_sacrificial_ziggurat

Skill      XL: |  1  2  3  4  5 |
---------------+----------------+-----
Conjurations   | 2 3 5 6 |  6.0
Dodging        | |  1.7
Stealth        | |  1.7
Spellcasting   | |  3.0
Summonings     | |  1.0
Translocations | |  0.8

Action                   |  1- 3 |  4- 6 || total
-------------------------+-------+-------++-------
Melee: Unarmed           |     9 |       ||     9
       Short sword       |    63 |    15 ||    78
       Scythe            |       |    39 ||    39
       Headbutt          |       |     6 ||     6
 Cast: Magic Dart        |    87 |    17 ||   104
       Mephitic Cloud    |     1 |     1 ||     2
       Blink             |       |     1 ||     1
  Use: Potion            |       |     1 ||     1
 Stab: Sleeping          |     2 |     1 ||     3
       Confused          |     1 |       ||     1
  Eat: Chunk             |     2 |     1 ||     3
       Ration            |       |     2 ||     2
Armor: Robe              |    27 |    18 ||    45
Dodge: Dodged            |    56 |    67 ||   123

Table legend:
 A = Non-vault XP
 B = Vault XP
 C = Vault XP percentage of total XP
 D = Non-vault monster count
 E = Vault monster count
 F = Vault count percentage of total count
 G = Total turns spent on level
                 A         B        C        D         E       F
            +---------+---------+-------+---------+---------+-------
      Total |     151 |     230 |  60.4 |      52 |      11 |  17.5
            +---------+---------+-------+---------+---------+-------
        D:1 |      21 |      10 |  32.3 |      15 |      10 |  40.0
        D:2 |      91 |     220 |  70.7 |      27 |       1 |   3.6
        D:3 |      39 |       0 |   0.0 |      10 |       0 |   0.0
            +---------+---------+-------+---------+---------+-------
